 Dungeon Crawl Stone Soup version 0.29.1-15-g9cfb28693d (webtiles) character file.

Game seed: 2055012359757315241

359 H0rd4k the Trooper (level 6, -6/43 HPs)
             Began as an Octopode Artificer on Mar 30, 2023.
             Mangled by Duvessa
             ... wielding a +0 rapier
              (14 damage)
             ... on level 4 of the Dungeon.
             The game lasted 00:02:38 (4005 turns).

H0rd4k the Trooper (Octopode Artificer)             Turns: 4005, Time: 00:02:39

Health: -6/43      AC:  1    Str: 11    XL:     6   Next: 65%
Magic:  20/20      EV: 13    Int: 15    God:
Gold:   144        SH:  0    Dex: 13    Spells: 12/12 levels left

rFire   . . .      SeeInvis .     - Unarmed
rCold   . . .      Faith    .   (no shield)
rNeg    . . .      Spirit   .   (helmet restricted)
rPois   .          Reflect  .   f - amulet of magic regeneration
rElec   .          Harm     .   n - ring of willpower
rCorr   .          Rampage  .   i - ring of magical power
Will    .....                   (no ring)
Stlth   +++.......              (no ring)
HPRegen 0.14/turn               (no ring)
MPRegen 0.57/turn               (no ring)
                                (no ring)
                                (no ring)

@: weak-willed
A: almost no armour, amphibious, 8 rings, camouflage 1, gelatinous body 1,
(nimble swimmer 1), tentacles
a: no special abilities


You were on level 4 of the Dungeon.
You visited 1 branch of the dungeon, and saw 4 of its levels.

You collected 144 gold pieces.

Inventory:

Missiles
 m - 16 poisoned darts
Jewellery
 f - an amulet of magic regeneration (around mantle)
 i - a ring of magical power (right tentacle)
 n - a ring of willpower (left tentacle)
Wands
 b - a wand of flame (8) (quivered)
 d - a wand of iceblast (3)
Scrolls
 g - a scroll of noise
 h - a scroll of butterflies {unknown}
 j - a scroll of vulnerability
 l - a scroll of torment {unknown}
 o - a scroll of enchant armour {unknown}
 p - a scroll of teleportation {unknown}
 q - 3 scrolls of blinking {unknown}
 r - 2 scrolls of identify {unknown}
Potions
 a - a potion of mutation {unknown}
 e - 2 potions of curing {unknown}
 k - 2 potions of heal wounds {unknown}
 s - 2 potions of resistance {unknown}
 t - a potion of flight {unknown}
 u - a potion of berserk rage {unknown}
 v - 2 potions of degeneration {unknown}


   Skills:
 * Level 3.8 Fighting
 - Level 2.3 Dodging
 - Level 1.3 Stealth
 - Level 3.0 Unarmed Combat
 * Level 3.5 Spellcasting
 - Level 3.2 Evocations


You had 12 spell levels left.
You didn't know any spells.
Your spell library contained the following spells:

 Spells                   Type           Power      Damage    Failure   Level
 Apportation              Tloc           4%         N/A       19%         1
 Necrotise                Necr           8%         1d4       19%         1
 Summon Small Mammal      Summ           8%         N/A       19%         1


Dungeon Overview and Level Annotations

Branches:
Dungeon (4/15)
 Temple: D:4-7

Altars:

Annotations:
D:3 exclusion: downstairs
D:4 Duvessa, Eustachio


Innate Abilities, Weirdness & Mutations

You cannot wear most types of armour.
You are amphibious.
You can wear up to eight rings at the same time.
Your skin changes colour to match your surroundings (Stealth+).
Your rubbery body absorbs attacks. (AC +1, EV +1)
((You are camouflaged when in or above water. (Stealth+)))
You have tentacles for arms and can constrict up to eight enemies at once.


Message History

t - Shout!
Orders for allies: a - Attack new target. r - Retreat! s - Stop attacking. g - Guard the area. f - Follow me.
Anything else - Cancel.
Guard this area!
Duvessa hits the gnoll with a +0 rapier.
You hear a zap.
The bolt of dispelling energy hits Duvessa!
Duvessa's magical effects unravel!
A bolt of dispelling energy appears from out of your range of vision.
The bolt of dispelling energy hits the gnoll!
You hear a shout!
Aiming: Charm
Press: ? - help, Shift-Dir - straight line, f/p - Duvessa
Aim: Duvessa, wielding a +0 rapier and wearing a +1 chain mail of poison resistance (heavily wounded, berserk, chance to affect: 39%) Duvessa resists with some effort.
Unknown command.
Aiming: Charm
Press: ? - help, Shift-Dir - straight line, f/p - Duvessa
Aim: Duvessa, wielding a +0 rapier and wearing a +1 chain mail of poison resistance (heavily wounded, berserk, chance to affect: 39%) Duvessa resists with some effort.
The now-empty wand crumbles to dust.
Duvessa barely misses you. Duvessa misses you.
Unknown command.
You don't have any such object.
Evoke which item? (* to show all) (? for menu, Esc to quit)
Okay, then.
Unknown command.
Okay, then.
Unknown command.
As you read the scroll labelled GAMPYNTUS BESM, it crumbles to dust.
Magic quickly surges around you.
It was a scroll of vulnerability.
Duvessa hits you with a +0 rapier!
* * * LOW HITPOINT WARNING * * *
As you read the scroll labelled VEIDOPHUCU, it crumbles to dust.
You hear a loud clanging noise!
It was a scroll of noise.
You hear an angry growl.
Duvessa hits you with a +0 rapier!
You die...

### # ###.### ..#
###.#.....####..##
.......@e..g#....#
...........#.#...
......#..!##...#..
........#....###..
........#.......#
........##).)..##
......####.....###
#
.......##........##
#.
........)........


You could see Duvessa (berserk, weak-willed) and a gnoll (weak-willed).

Vanquished Creatures
  An ice beast (D:3)
  Terence (D:2)
  2 adders (D:2)
  2 worms (D:2)
  2 dart slugs
  2 orcs (D:3)
  4 ball pythons
  5 endoplasms
  4 giant cockroaches
  4 goblins
  6 hobgoblins
  2 jackals (D:3)
  6 kobolds
  4 quokkas
  6 bats
  2 frilled lizards
  2 rats
55 creatures vanquished.

Vanquished Creatures (collateral kills)
  A necrophage (D:4)
  Dowan (D:4)
  An adder (D:4)
  2 gnolls (D:4)
  2 ball pythons (D:2)
  2 endoplasms
  A goblin (D:2)
  A kobold (D:4)
  A quokka (D:2)
12 creatures vanquished.

Vanquished Creatures (others)
  An iguana (D:4)
  Ijyb (D:4)
2 creatures vanquished.

Grand Total: 69 creatures vanquished

Notes
Turn   | Place    | Note
-------+----------+-------------------------------------------
     0 | D:1      | H0rd4k the Octopode Artificer began the quest for the Orb.
     0 | D:1      | Reached XP level 1. HP: 13/13 MP: 1/1
   103 | D:1      | Noticed a shining eye
   104 | D:1      | Found a faded altar of an unknown god.
   107 | D:1      | Noticed a floating eye
   107 | D:1      | Noticed a golden eye
   107 | D:1      | Noticed an eye of devastation
   263 | D:1      | Reached XP level 2. HP: 18/18 MP: 1/3
   376 | D:1      | Reached skill level 1 in Spellcasting
  1202 | D:1      | Reached XP level 3. HP: 24/24 MP: 5/5
  1472 | D:2      | Reached skill level 1 in Unarmed Combat
  1898 | D:2      | Noticed Terence
  1942 | D:2      | Reached XP level 4. HP: 12/29 MP: 6/6
  2309 | D:2      | Killed Terence
  2522 | D:2      | Identified the +1 leather armour "Nerchaove" {Dex+2}
  2952 | D:3      | Noticed an ice beast
  2959 | D:3      | Killed an ice beast
  2960 | D:3      | Reached XP level 5. HP: 36/36 MP: 8/8
  3898 | D:4      | Noticed Eustachio
  3958 | D:4      | Noticed Ijyb
  3966 | D:4      | Reached XP level 6. HP: 42/42 MP: 10/10
  3968 | D:4      | Noticed Duvessa
  3978 | D:4      | Noticed Dowan
  3983 | D:4      | Killed Dowan
  3999 | D:4      | Your ally Ijyb died
  4005 | D:4      | Mangled by Duvessa

Illustrated notes

Levels and vault maps discovered:
D:1:      eino_arrival_cavern_b, layout_basic,
          hellmonk_ecumenical_altar_watching_god,
          chequers_serial_rivers_micro_e, serial_park_tiny_pond
D:2:      layout_rooms, uniq_terence
D:3:      layout_basic, grunt_ministairs_8
D:4:      layout_cave_pools, nicolae_sif_muna_condensation,
          mainiacjoe_overflow_small_starburst, uniq_ijyb, uniq_duvessa,
          uniq_eustachio, uniq_crazy_yiuf_cottage

Skill      XL: |  1  2  3  4  5 |
---------------+----------------+-----
Spellcasting   | 1 2 3 |  3.5
Fighting       | 2 3 |  3.8
Unarmed Combat | 1 3 |  3.0
Dodging        | |  2.3
Stealth        | |  1.3
Evocations     | |  3.2

Action                   |  1- 3 |  4- 6 || total
-------------------------+-------+-------++-------
Melee: Unarmed           |    83 |    54 ||   137
       Constrict         |    26 |    12 ||    38
       Tentacles         |    23 |     6 ||    29
Evoke: Wand              |     4 |    20 ||    24
  Use: Scroll            |       |     2 ||     2
 Stab: Sleeping          |     9 |     6 ||    15
Armor: Skin              |     8 |     4 ||    12
Dodge: Dodged            |    46 |    34 ||    80
